 Dungeon Crawl Stone Soup version 0.21.1-74-g47da925 (webtiles) character file.

3719 wojtek the Cleaver (level 9, -1/79 HPs)
             Began as a Minotaur Fighter on Aug 9, 2018.
             Was a Follower of Makhleb.
             Slain by a spiny frog (17 damage)
             ... on level 7 of the Dungeon.
             The game lasted 00:08:33 (6921 turns).

wojtek the Cleaver (Minotaur Fighter)               Turns: 6921, Time: 00:08:34

Health: -1/79      AC: 15    Str: 25    XL:     9   Next: 92%
Magic:  10/10      EV: 11    Int:  5    God:    Makhleb [*.....]
Gold:   336        SH: 11    Dex:  9    Spells: 8/8 levels left

rFire    . . .     SeeInvis .   a - +0 war axe
rCold    . . .     Gourm    .   c - +0 shield
rNeg     . . .     Faith    .   u - +0 plate armour
rPois    .         Spirit   .   (helmet restricted)
rElec    .         Reflect  .   k - +0 cloak
rCorr    .         Harm     .   m - +0 pair of gloves
MR       .....                  (no boots)
Stlth    ..........             (no amulet)
HPRegen  0.23/turn              j - +4 ring of evasion
MPRegen  0.12/turn              (no ring)

@: lethally poisoned (-1 -> -13), slowed, very slow
A: retaliatory headbutt, horns 2
a: Renounce Religion


You were on level 7 of the Dungeon.
You worshipped Makhleb.
Makhleb was aware of your devotion.
You were near starving.

You visited 2 branches of the dungeon, and saw 9 of its levels.
You also visited: Ossuary.

You collected 336 gold pieces.

Inventory:

Hand Weapons
 a - a +0 war axe (weapon)
Missiles
 p - a throwing net (quivered)
Armour
 c - a +0 shield (worn)
 k - a +0 cloak (worn)
 m - a +0 pair of gloves (worn)
 u - a +0 plate armour (worn)
Jewellery
 j - a +4 ring of evasion (left hand)
Wands
 C - a wand of polymorph (10)
 D - a wand of enslavement (17)
Scrolls
 e - 8 scrolls of remove curse {unknown}
 g - 4 scrolls of magic mapping {unknown}
 h - 9 scrolls of teleportation {unknown}
 i - 8 scrolls of identify {unknown}
 n - 2 scrolls of fear {unknown}
 v - a scroll of random uselessness {unknown}
 y - 2 scrolls of blinking {unknown}
 z - 3 scrolls of immolation {unknown}
 B - 3 scrolls of enchant armour {unknown}
 E - a scroll of brand weapon {unknown}
 F - 2 scrolls of amnesia {unknown}
 J - a scroll of holy word {unknown}
 K - 2 scrolls of enchant weapon {unknown}
Potions
 b - a potion of agility {unknown}
 d - a potion of might
 l - 2 potions of brilliance {unknown}
 o - 9 potions of curing {unknown}
 q - a potion of invisibility {unknown}
 r - a potion of magic {unknown}
 s - 3 potions of mutation {unknown}
 t - 5 potions of degeneration {unknown}
 w - 4 potions of lignification {unknown}
 x - a potion of ambrosia {unknown}
 A - a potion of heal wounds {unknown}
 G - a potion of haste {unknown}
 H - a potion of cancellation {unknown}
 I - a potion of flight {unknown}
Comestibles
 f - 16 rations


   Skills:
 + Level 7.3 Fighting
 + Level 10.1 Axes
 + Level 7.3 Armour
 + Level 5.5 Dodging
 + Level 7.3 Shields
 * Level 3.5 Invocations
 + Level 2.2 Evocations


You had 8 spell levels left.
You didn't know any spells.

Dungeon Overview and Level Annotations

Branches:
Dungeon (8/15)             Temple (1/1) D:6
   Lair: D:8-11

Altars:
Ashenzari
Cheibriados
Elyvilon
Fedhas
Gozag
Hepliaklqana
Kikubaaqudgha
Makhleb
Nemelex Xobeh
Okawaru
Qazlal
Sif Muna
Trog
Uskayaw
Vehumet
Wu Jian
Xom
Yredelemnul
Zin
The Shining One

Shops:
D:4 }


Innate Abilities, Weirdness & Mutations

You reflexively headbutt those who attack you in melee.
You have a pair of horns on your head.


Message History

You feel sick. You block the hornet's attack. The hornet stings you.
You are more poisoned.
You feel as though you will be slow longer.
The hornet stings you.
* * * LOW HITPOINT WARNING * * *
You feel as though you will be slow longer.
Evoke which item? (* to show all) (? for menu, Esc to quit)
Aiming: Polymorph
Press: ? - help, Shift-Dir - straight line, f - hornet
Aim: a hornet (severely wounded, chance to defeat MR: 43%)
The hornet resists with some effort.
You feel very sick. The hornet barely misses you. x2
Evoke which item? (* to show all) (? for menu, Esc to quit)
Aiming: Polymorph
Press: ? - help, Shift-Dir - straight line, f/p - hornet
Aim: a hornet (severely wounded, chance to defeat MR: 43%)
The hornet evaporates and reforms as a spiny frog!
You feel sick. The spiny frog stings you!
You die...

...............###.##..##.# #)#
.#.####.####.### #.##..##.#####.#
.#.# #[# #.# #.##...........#
.#.####(# #.#####.##..##.#######
.#......# #........#..##.# #
.######.# #######..#..##.# # .#
#.# #....#..##.#######
.######.########.................
....)..........F@.#.#.#.#.#######
#######..#######..<.#.#.#.#######
#>..............#..........
##.#######....#####.####### #.#
#........#####.# #.#
#...........##.# #.#
#.###..........# #.# #.#
#..####.#### #.###.###..# #.#


You could see a spiny frog.

Vanquished Creatures
  Grinder (D:3)
  Sigmund (D:4)
  2 wraiths (Ossuary)
  A steam dragon (D:8)
  A water moccasin (D:8)
  The ghost of Alter the Conjurer, an amateur DECj (D:4)
  2 ice beasts
  An orc warrior (D:7)
  2 sky beasts
  4 ogres
  2 bullfrogs (D:6)
  A scorpion (D:6)
  10 wights
  A howler monkey (D:7)
  A centaur zombie (D:7)
  2 crimson imps
  2 hounds
  2 bullfrog skeletons
  3 orc priests
  A jelly (D:5)
  4 orc wizards
  A centaur skeleton (D:6)
  An iguana (D:7)
  A worker ant (D:6)
  A hound skeleton (D:8)
  A worker ant zombie (D:5)
  14 gnolls
  8 adders
  An adder skeleton (D:4)
  6 worms
  2 dart slugs
  3 leopard geckos
  17 orcs
  3 giant cockroaches
  4 jackals (D:7)
  7 kobolds
  4 quokkas
  A ball python (D:3)
  A ball python skeleton (Ossuary)
  9 bats
  2 frilled lizards
  A giant cockroach zombie (D:6)
  5 goblins
  A hobgoblin skeleton (Ossuary)
  3 hobgoblin zombies (Ossuary)
  A jackal skeleton (D:5)
  2 leopard gecko skeletons (D:5)
  A leopard gecko zombie (D:8)
  3 orc zombies (Ossuary)
  A quokka skeleton (D:6)
  5 rats
155 creatures vanquished.

Vanquished Creatures (collateral kills)
  A two-headed ogre (D:7)
  A wight (D:7)
2 creatures vanquished.

Vanquished Creatures (others)
  An adder (D:8)
1 creature vanquished.

Grand Total: 158 creatures vanquished

Notes
Turn   | Place    | Note
-------+----------+-------------------------------------------
     0 | D:1      | wojtek the Minotaur Fighter began the quest for the Orb.
     0 | D:1      | Reached XP level 1. HP: 19/19 MP: 0/0
    57 | D:1      | Reached skill level 3 in Axes
   300 | D:1      | Reached XP level 2. HP: 26/26 MP: 1/1
   670 | D:2      | Reached skill level 4 in Axes
   676 | D:2      | Reached XP level 3. HP: 16/31 MP: 2/2
   897 | D:2      | Reached skill level 5 in Axes
   941 | D:2      | Reached XP level 4. HP: 39/39 MP: 3/3
  1376 | D:3      | Reached skill level 6 in Axes
  1461 | D:3      | Reached XP level 5. HP: 40/45 MP: 4/4
  1671 | D:3      | Reached skill level 7 in Axes
  2222 | D:4      | Noticed Grinder
  2227 | D:4      | Paralysed by Grinder for 6 turns
  2480 | D:4      | Noticed an ogre
  2488 | D:4      | Killed an ogre
  2488 | D:4      | Reached XP level 6. HP: 35/51 MP: 5/5
  2698 | D:4      | Noticed Alter's ghost (amateur DECj)
  2706 | D:4      | Killed Alter's ghost
  2706 | D:4      | Reached skill level 8 in Axes
  2706 | D:4      | Reached skill level 1 in Dodging
  2939 | D:4      | Noticed Sigmund
  2962 | D:4      | Killed Sigmund
  2962 | D:4      | Reached XP level 7. HP: 30/60 MP: 6/6
  3285 | D:4      | Found Ywoxit's Gadget Shop.
  3485 | D:5      | Entered Level 5 of the Dungeon
  3568 | D:5      | You fall through a shaft for 3 floors!
  3637 | D:7      | Reached skill level 5 in Fighting
  3637 | D:7      | Reached skill level 5 in Armour
  3637 | D:7      | Reached skill level 5 in Shields
  3642 | D:7      | Reached XP level 8. HP: 9/68 MP: 7/7
  3644 | D:7      | HP: 1/68 [orc priest/nerve-wracking pain (9)]
  3895 | D:7      | Reached skill level 9 in Axes
  4004 | D:7      | Found a sand-covered staircase.
  4012 | Ossuary  | Entered an ossuary
  4106 | Ossuary  | Noticed a flying skull
  4117 | Ossuary  | Noticed a flying skull
  4163 | Ossuary  | Noticed a flying skull
  4212 | Ossuary  | Noticed a flying skull
  4422 | D:7      | Reached XP level 9. HP: 78/78 MP: 8/8
  4807 | D:7      | Found an opulent altar of Gozag.
  4808 | D:7      | Found a sparkling altar of Nemelex Xobeh.
  4982 | D:6      | Found a staircase to the Ecumenical Temple.
  5038 | Temple   | Entered the Ecumenical Temple
  5259 | Temple   | Became a worshipper of Makhleb the Destroyer
  5366 | D:6      | Reached skill level 1 in Invocations
  5665 | D:6      | Reached skill level 5 in Dodging
  5760 | D:5      | Reached skill level 1 in Evocations
  6761 | D:3      | Paralysed by Grinder for 7 turns
  6775 | D:3      | Paralysed by Grinder for 4 turns
  6785 | D:3      | Killed Grinder
  6853 | D:8      | Reached skill level 10 in Axes
  6858 | D:8      | Noticed a two-headed ogre
  6859 | D:8      | Reached * piety under Makhleb
  6880 | D:7      | Killed a two-headed ogre
  6913 | D:7      | Paralysed by a hornet for 3 turns
  6921 | D:7      | Noticed a spiny frog
  6921 | D:7      | a hornet changed into a spiny frog
  6921 | D:7      | Slain by a spiny frog

Skill      XL: |  1  2  3  4  5  6  7  8  9 |
---------------+----------------------------+-----
Axes           | 3 4 5 6 7 8 9 10 | 10.1
Dodging        | 2 3 4 5 |  5.5
Fighting       | 4 5 6 7 |  7.3
Armour         | 4 5 6 7 |  7.3
Shields        | 4 5 6 7 |  7.3
Invocations    | 3 |  3.5
Evocations     | 2 |  2.2

Action                   |  1- 3 |  4- 6 |  7- 9 || total
-------------------------+-------+-------+-------++-------
Melee: War axe           |    44 |   143 |   324 ||   511
       Headbutt          |     9 |    28 |    57 ||    94
Evoke: Wand              |       |       |     3 ||     3
  Eat: Chunk             |       |     7 |    11 ||    18
Armor: Scale mail        |    13 |    27 |       ||    40
       Chain mail        |       |    11 |       ||    11
       Plate armour      |       |    19 |   100 ||   119
Dodge: Dodged            |    16 |    24 |   107 ||   147
Block: Shield            |    23 |    52 |   146 ||   221
